 Dungeon Crawl Stone Soup version 0.18.1-8-gdd0e5ea (webtiles) character file.

193 deorigin the Charmwright (level 5, -2/35 HPs)
             Began as a Merfolk Ice Elementalist on May 29, 2016.
             Was an Initiate of Fedhas.
             Killed from afar by a charred statue (13 damage)
             ... with a puff of flame
             ... on level 4 of the Dungeon.
             The game lasted 00:13:08 (4535 turns).

deorigin the Charmwright (Merfolk Ice Elementalist) Turns: 4535, Time: 00:13:10

Health: -2/35      AC:  2    Str:  9    XL:     5   Next: 72%
Magic:  8/8        EV: 13    Int: 15    God:    Fedhas [......]
Gold:   132        SH:  0    Dex: 14    Spells: 3 memorised, 0 levels left

rFire  x . .     SeeInvis .     h - +0 dagger
rCold  + . .     Gourm    .     a - +0 robe
rNeg   . . .     Faith    .     (no shield)
rPois  .         Spirit   .     (no helmet)
rElec  .         Dismiss  .     (no cloak)
rCorr  .         Reflect  .     (no gloves)
SustAt .         Harm     .     (no boots)
MR     .....                    n - amulet of rage
Stlth  ++........               (no ring)
                                t - ring of ice

@: not resistant to hostile enchantments, unstealthy
A: change form in water, swift swim
a: Renounce Religion, Evoke Berserk Rage


You were on level 4 of the Dungeon.
You worshipped Fedhas.
Fedhas was noncommittal.
You were not hungry.

You visited 1 branch of the dungeon, and saw 4 of its levels.

You collected 132 gold pieces.

Inventory:

Hand Weapons
 d - a +0 club
 h - a +0 dagger (weapon)
 w - a cursed -2 mace
 z - a +2 whip of freezing
 B - a +0 flail
 E - a cursed -1 blowgun
Missiles
 e - 8 curare-tipped needles
 l - 6 tomahawks (quivered)
 F - 20 poisoned needles
Armour
 a - a +0 robe (worn)
 u - a +0 chain mail
 x - a +2 leather armour of cold resistance
 A - a cursed -2 leather armour
 C - a +0 scale mail
Jewellery
 n - an amulet of rage (around neck)
 t - a ring of ice (left hand)
Wands
 g - a wand of iceblast (3/15)
Scrolls
 f - a scroll of fear {unknown}
 p - a scroll of identify {unknown}
 r - a scroll of teleportation {unknown}
 s - 5 scrolls of remove curse {unknown}
 y - a scroll of noise {unknown}
Potions
 i - a potion of haste {unknown}
 j - 2 potions of magic {unknown}
 k - a potion of lignification {unknown}
 m - 3 potions of curing {unknown}
 v - a potion of degeneration {unknown}
 D - a potion of might {unknown}
 H - a potion of heal wounds {unknown}
Books
 b - a book of Frost

   Spells                             Type                      Level
   a - Freeze                         Ice                          1
   b - Throw Frost                    Conjuration/Ice              2
   c - Ozocubu's Armour               Charms/Ice                   3
   d - Throw Icicle                   Conjuration/Ice              4
   e - Summon Ice Beast               Ice/Summoning                4
Comestibles
 c - a bread ration
 o - 2 meat rations
 q - 2 fruits


   Skills:
 - Level 2.6 Dodging
 - Level 2.1 Stealth
 + Level 2.1 Spellcasting
   Level 0.7 Conjurations
 - Level 4.7 Charms
 + Level 4.5 Ice Magic


You couldn't memorise any spells.
You knew the following spells:

 Your Spells              Type           Power        Failure   Level  Hunger
a - Freeze                Ice            ###.         3%          1    #......
b - Ozocubu's Armour      Chrm/Ice       ###.....     12%         3    ###....
c - Summon Ice Beast      Ice/Summ       ##......     87%         4    #####..


Dungeon Overview and Level Annotations

Branches:
Dungeon (4/15)
 Temple: D:4-7

Altars:
Fedhas
Makhleb
Vehumet

Annotations:
D:3 PeterLawrence's ghost, amateur MiFi
D:4 exclusion: statue


Message History

You see here a club.
You see here a scimitar.
PeterLawrence's ghost is too close now for your liking.
PeterLawrence's ghost turns its malevolent gaze towards you.
PeterLawrence's ghost barely misses you.
PeterLawrence's ghost hits you!
PeterLawrence's ghost wails, "I was like you once."
There is an escape hatch in the floor here.
PeterLawrence's ghost shouts, "You will join me soon!"
PeterLawrence's ghost hits you!
You slide downwards.
The hatch slams shut behind you.
Marking area around the charred statue as unsafe for travelling.
The charred statue gestures at you. The puff of flame misses you.
The puff of flame hits you! The fire burns you terribly!
The charred statue gestures at you. The puff of flame misses you.
The puff of flame hits you! The fire burns you terribly!
You die...
Fedhas appreciates your contribution to the ecosystem.

................
#######..#####..
#..#...#
#..#.8$#
#..#...#
#..#._.#
#..#...# #...#
#..@# ##.## ...
####


You could see a charred statue.

Vanquished Creatures
  A hound (D:4)
  An iguana (D:4)
  7 adders
  An ooze (D:2)
  A dart slug (D:1)
  A giant gecko (D:1)
  6 orcs (D:3)
  A ball python (D:3)
  6 giant cockroaches
  4 goblins (D:2)
  10 hobgoblins
  6 jackals
  5 kobolds
  A quokka (D:3)
  4 bats
  A giant newt (D:1)
  5 rats
61 creatures vanquished.

Vanquished Creatures (others)
  16 toadstools
16 creatures vanquished.

Grand Total: 77 creatures vanquished

Notes
Turn   | Place    | Note
--------------------------------------------------------------
     0 | D:1      | deorigin the Merfolk Ice Elementalist began the quest for the Orb.
     0 | D:1      | Reached XP level 1. HP: 13/13 MP: 3/3
   354 | D:1      | Reached XP level 2. HP: 14/19 MP: 1/5
   861 | D:1      | Reached XP level 3. HP: 24/24 MP: 4/6
   870 | D:1      | Learned a level 3 spell: Ozocubu's Armour
  1392 | D:2      | Reached skill level 1 in Charms
  1644 | D:2      | Found a blossoming altar of Fedhas.
  1650 | D:2      | Became a worshipper of Fedhas Madash
  2201 | D:3      | Reached XP level 4. HP: 24/30 MP: 1/7
  2660 | D:3      | Noticed PeterLawrence's ghost (amateur MiFi)
  3023 | D:3      | Reached XP level 5. HP: 28/35 MP: 5/8
  3136 | D:3      | Found a burning altar of Makhleb.
  3650 | D:4      | Learned a level 4 spell: Summon Ice Beast
  4092 | D:3      | HP: 1/35 [PeterLawrence's ghost (14)]
  4535 | D:4      | Found a radiant altar of Vehumet.
  4535 | D:4      | Noticed a charred statue
  4535 | D:4      | Killed from afar by a charred statue

Skill      XL: |  1  2  3  4  5 |
---------------+----------------+-----
Ice Magic      | 4 |  4.5
Charms         | 2 3 4 |  4.7
Dodging        | |  2.6
Stealth        | |  2.1
Spellcasting   | |  2.1
Conjurations   | |  0.7

Action                   |  1- 3 |  4- 6 || total
-------------------------+-------+-------++-------
Melee: Dagger            |    76 |    57 ||   133
       Club              |     1 |       ||     1
 Cast: Freeze            |    32 |    44 ||    76
       Ozocubu's Armour  |       |     3 ||     3
 Stab: Sleeping          |     3 |     2 ||     5
  Eat: Chunk             |     4 |     4 ||     8
       Bread ration      |       |     1 ||     1
       Royal jelly       |       |     1 ||     1
       Fruit             |       |     1 ||     1
Armor: Robe              |    18 |     7 ||    25
Dodge: Dodged            |    67 |    77 ||   144
